 Dungeon Crawl Stone Soup version bcrawl-1.12-10-g10a67aac0f (webtiles) character file.

Game seed: 2714791180381565755

5724 EnegeticOcto the Cleaver (level 10, -13/88 HPs)
             Began as a Minotaur Sloth Apostle on June 14, 2019.
             Was a High Priest of Cheibriados.
             Mangled by an orc knight
             ... wielding a +0 war axe
              (17 damage)
             ... in a bailey.
             The game lasted 00:07:26 (8335 turns).

EnegeticOcto the Cleaver (Minotaur Sloth Apostle)   Turns: 8335, Time: 00:07:27

Health: -13/88     AC: 14    Str: 35    XL:     10   Next: 48%
Magic:  12/12      EV: 15    Int: 23    God:    Cheibriados [*****.]
Gold:   363        SH: 14    Dex: 23    Spells: 11/11 levels left

rFire    . . .     SeeInvis .   D - +6 hand axe
rCold    . . .     Gourm    .   c - +0 shield
rNeg     . . .     Faith    .   t - +1 scale mail
rPois    .         Spirit   .   (helmet restricted)
rElec    .         Reflect  .   h - +2 cloak
rCorr    .         Harm     .   B - +0 pair of gloves
MR       +....                  b - +0 pair of boots
Stlth    +.........             (no amulet)
HPRegen  0.24/turn              s - ring of protection from magic
MPRegen  0.13/turn              (no ring)

@: very slow
A: retaliatory headbutt, horns 2
a: Bend Time, Temporal Distortion, Slouch, Step From Time, Renounce Religion


You were in a bailey.
You worshipped Cheibriados.
Cheibriados was extremely pleased with you.
You were not hungry.

You visited 1 branch of the dungeon, and saw 8 of its levels.
You also visited: Bailey.

You collected 453 gold pieces.
You spent 90 gold pieces at shops.

Inventory:

Hand Weapons
 y - a +0 war axe
 D - a +6 hand axe (weapon)
Armour
 b - a +0 pair of boots (worn)
 c - a +0 shield (worn)
 h - a +2 cloak (worn)
 t - a +1 scale mail (worn)
 B - a +0 pair of gloves (worn)
Jewellery
 s - a ring of protection from magic (left hand)
Wands
 d - a wand of paralysis (14)
 n - a wand of enslavement (11)
 p - a wand of flame (6)
Scrolls
 i - 2 scrolls of enchant armour
 k - 3 scrolls of teleportation {@r3 !r}
 m - 2 scrolls of remove curse {@r2}
 z - a scroll of fog {unknown}
Potions
 f - 3 potions of haste {@q4 !q}
 g - 2 potions of flight
 j - a potion of berserk rage
 l - 5 potions of curing {@q1 !q}
 o - a potion of brilliance {unknown}
 r - a potion of heal wounds {@q2 !q}
 u - 2 potions of degeneration
 v - 2 potions of might {unknown}
 w - a potion of lignification {unknown}
 x - a potion of ambrosia
 A - a potion of mutation {unknown}
Comestibles
 e - 7 rations {!d}


   Skills:
 + Level 7.7 Fighting
 * Level 10.7 Axes
 + Level 7.1 Armour
 + Level 6.5 Dodging
 - Level 2.6 Stealth
 + Level 7.8 Shields
 - Level 1.0 Spellcasting
   Level 0.5 Hexes
 + Level 4.4 Invocations
 - Level 0.8 Evocations


You had 11 spell levels left.
You didn't know any spells.
Your spell library contained the following spells:

 Spells                   Type           Power        Failure   Level  Hunger
 Freeze                   Ice            #...         54%         1    ##.....
 Throw Frost              Conj/Ice       #.....       67%         2    ###....
 Confuse                  Hex            #.......     83%         3    ####...
 Dazzling Spray           Conj/Hex       #.....       86%         3    ####...
 Ozocubu's Armour         Chrm/Ice       #.......     88%         3    ####...
 Petrify                  Tmut/Erth      #.......     99%         4    #####..
 Summon Ice Beast         Ice/Summ       #.......     99%         4    #####..
 Throw Icicle             Conj/Ice       #.......     99%         4    #####..
 Yara's Violent Unravell  Hex/Tmut       #.........   99%         4    #####..
 Metabolic Englaciation   Hex/Ice        #.........   100%        5    ######.


Dungeon Overview and Level Annotations

Branches:
Dungeon (8/12)             Temple (0/1) D:7             Orc (0/1) D:8
   Lair: D:7-10

Altars:
Ashenzari
Fedhas
Gozag
Makhleb
Nemelex Xobeh
Qazlal
Sif Muna
Vehumet
Zin

Shops:
D:5 }

Annotations:
D:7 3 runed translucent doors, Morbidden's ghost, novice DWAc


Innate Abilities, Weirdness & Mutations

You reflexively headbutt those who attack you in melee.
You have a pair of horns on your head.


Message History

The orc warlord is almost dead.
The orc warlord completely misses you. You furiously retaliate!
You headbutt the orc warlord, but do no damage.
Evoke which item? (* to show all) (? for menu, Esc to quit)
Aiming: Scattershot
Press: ? - help, Shift-Dir - straight line, f/p - orc warlord
Aim: an orc warlord, wielding a +2 great sword of distortion and wearing a cursed +0 chain mail (almost dead, covered in acid)
The burst of metal fragments hits the orc warlord. x4
The orc warlord is almost dead.
You hear a shout!
You block the orc warlord's attack.
You hear a shout! x3
Evoke which item? (* to show all) (? for menu, Esc to quit)
Aiming: Scattershot
Press: ? - help, Shift-Dir - straight line, f/p - orc warlord
Aim: an orc warlord, wielding a +2 great sword of distortion and wearing a cursed +0 chain mail (almost dead, covered in acid)
The burst of metal fragments hits the orc warlord. x2
You kill the orc warlord!
Cheibriados appreciates the change of pace.
Your Armour skill increases to level 7!
Your Invocations skill increases to level 4!
The now-empty wand crumbles to dust.
An orc warrior comes into view. It is wielding a +0 war axe.
Things that are here:
a +0 hand axe; a cursed +0 leather armour
Things that are here:
a +0 leather armour; a +0 hand axe; a +0 leather armour
There is an open door here.
As you close the door, it creaks loudly!
You start resting.
Some of the chunks of flesh in your inventory have rotted away. x2
Magic restored.
A gnoll opens the door.
It is wielding a +0 hand axe.
The gnoll shouts!
You block the gnoll's attack.
There is an open door here.
You slice the gnoll!!
You kill the gnoll!
Cheibriados thoroughly appreciates the change of pace.
You close the door.
You start resting.
All of the chunks of flesh in your inventory have rotted away.
An orc comes into view. It is wielding a +0 hand axe.
The orc shouts!
The orc warrior shouts!
You slice the orc warrior!!
The orc warrior is almost dead.
An orc knight comes into view. It is wielding a +0 war axe.
The orc warrior hits you with a +0 war axe!
You are too injured to fight recklessly!
You are too injured to fight recklessly!
You slash the orc warrior!
You kill the orc warrior!
Cheibriados thoroughly appreciates the change of pace.
You slash the orc!
You kill the orc!
Cheibriados thoroughly appreciates the change of pace.
There is an open door, spattered with blood here.
Items here: ! )) ? [[ † Evoke which item? (* to show all) (? for menu, Esc to quit)
Aiming: Paralyse
Press: ? - help, Shift-Dir - straight line, f - orc knight
Aim: an orc knight, wielding a +0 war axe and wearing a +0 plate armour (chance to defeat MR: 31%)
The orc knight easily resists.
The orc knight barely misses you.
Evoke which item? (* to show all) (? for menu, Esc to quit)
Aiming: Paralyse
Press: ? - help, Shift-Dir - straight line, f/p - orc knight
Aim: an orc knight, wielding a +0 war axe and wearing a +0 plate armour (chance to defeat MR: 31%)
The orc knight easily resists.
The orc knight hits you with a +0 war axe!
Evoke which item? (* to show all) (? for menu, Esc to quit)
Aiming: Paralyse
Press: ? - help, Shift-Dir - straight line, f/p - orc knight
Aim: an orc knight, wielding a +0 war axe and wearing a +0 plate armour (chance to defeat MR: 31%)
The orc knight easily resists.
You block the orc knight's attack.
Evoke which item? (* to show all) (? for menu, Esc to quit)
Aiming: Paralyse
Press: ? - help, Shift-Dir - straight line, f/p - orc knight
Aim: an orc knight, wielding a +0 war axe and wearing a +0 plate armour (chance to defeat MR: 31%)
The orc knight easily resists.
Evoke which item? (* to show all) (? for menu, Esc to quit)
Aiming: Paralyse
Press: ? - help, Shift-Dir - straight line, f/p - orc knight
Aim: an orc knight, wielding a +0 war axe and wearing a +0 plate armour (chance to defeat MR: 31%)
The orc knight easily resists.
The orc knight hits you with a +0 war axe!!
* * * LOW HITPOINT WARNING * * *
Evoke which item? (* to show all) (? for menu, Esc to quit)
Aiming: Paralyse
Press: ? - help, Shift-Dir - straight line, f/p - orc knight
Aim: an orc knight, wielding a +0 war axe and wearing a +0 plate armour (chance to defeat MR: 31%)
The orc knight easily resists.
The orc knight hits you with a +0 war axe!
* * * LOW HITPOINT WARNING * * *
Evoke which item? (* to show all) (? for menu, Esc to quit)
Aiming: Paralyse
Press: ? - help, Shift-Dir - straight line, f/p - orc knight
Aim: an orc knight, wielding a +0 war axe and wearing a +0 plate armour (chance to defeat MR: 31%)
The orc knight easily resists.
The orc knight hits you with a +0 war axe!
You die...

..... #......)... ..). ###
###......... ..)###.###
###.###.....## #)#.....###
###.....#'#.###
##)).......###.......).###
#...........#........)).#
#......)....#...........#
#.....⌠..))o#.....⌠.....#
#........)).@...........#
#.........)[#...........#
##.........###.........##
###.....### ###.....###
###.### ###.### ### ###


You could see an orc knight.

Vanquished Creatures
  An orc warlord (Bailey)
  An orc knight (Bailey)
  2 trolls (D:6)
  A hippogriff (D:7)
  Menkaure (D:5)
  Duvessa (D:5)
  An ogre (D:5)
  7 orc warriors
  4 sky beasts
  A necrophage (D:6)
  An eye of draining (D:6)
  2 centaurs
  Blork the orc (D:5)
  A bullfrog (D:5)
  A scorpion (D:6)
  Dowan (D:5)
  4 wights (D:6)
  3 electric eels
  2 crimson imps
  A centaur zombie (D:7)
  4 hounds
  3 jellies
  2 orc priests
  Crazy Yiuf (D:5)
  An iguana (D:7)
  10 orc wizards
  5 worker ants
  A hound zombie (D:6)
  A hound skeleton (D:4)
  9 gnolls
  7 adders
  3 oozes
  An adder zombie (D:5)
  An adder skeleton (D:5)
  3 worms
  4 dart slugs
  5 leopard geckos
  55 orcs
  A ball python (D:1)
  5 giant cockroaches
  27 goblins
  25 hobgoblins
  8 jackals
  3 quokkas
  7 bats
  A jackal skeleton (D:5)
  A jackal zombie (D:8)
  7 kobolds
  A leopard gecko zombie (D:3)
  2 rats (D:1)
  A fungus (D:5)
242 creatures vanquished.

Vanquished Creatures (others)
  A fungus (D:3)
1 creature vanquished.

Grand Total: 243 creatures vanquished

Notes
Turn   | Place    | Note
-------+----------+-------------------------------------------
     0 | D:1      | EnegeticOcto the Minotaur Sloth Apostle began the quest for
                  | the Orb.
     0 | D:1      | Reached XP level 1. HP: 18/18 MP: 1/1
   196 | D:1      | Reached XP level 2. HP: 22/25 MP: 2/2
   258 | D:1      | Reached skill level 3 in Axes
   379 | D:1      | Reached skill level 1 in Armour
   385 | D:1      | Reached XP level 3. HP: 18/30 MP: 3/3
   392 | D:1      | Reached skill level 1 in Dodging
   548 | D:1      | Reached * piety under Cheibriados
  1014 | D:2      | Found a blossoming altar of Fedhas.
  1207 | D:2      | Found a stormy altar of Qazlal.
  1516 | D:3      | Found a faded altar of an unknown god.
  1670 | D:3      | Reached XP level 4. HP: 27/38 MP: 4/4
  1898 | D:3      | Reached ** piety under Cheibriados
  2094 | D:3      | Reached skill level 4 in Axes
  2311 | D:3      | Found a blossoming altar of Fedhas.
  2533 | D:3      | Reached XP level 5. HP: 45/45 MP: 5/5
  2874 | D:3      | Reached *** piety under Cheibriados
  3122 | D:4      | Noticed a sky beast
  3136 | D:4      | Killed a sky beast
  3136 | D:4      | Reached skill level 5 in Axes
  3136 | D:4      | Reached XP level 6. HP: 39/52 MP: 6/6
  3236 | D:4      | Found Zin's Purification Station.
  3240 | D:4      | Found a glowing silver altar of Zin.
  3265 | D:4      | Bought a potion of curing for 90 gold pieces
  3268 | D:4      | Noticed a sky beast
  3281 | D:4      | Killed a sky beast
  3542 | D:4      | Reached XP level 7. HP: 59/60 MP: 7/7
  3718 | D:4      | Found a sparkling altar of Nemelex Xobeh.
  3718 | D:4      | Found a deep blue altar of Sif Muna.
  3932 | D:5      | Entered Level 5 of the Dungeon
  3979 | D:5      | Reached skill level 6 in Axes
  3985 | D:5      | Found Veru Tyh's Gadget Emporium.
  4000 | D:5      | Noticed Blork the orc
  4005 | D:5      | Killed Blork the orc
  4093 | D:5      | Found a transporter.
  4219 | D:5      | Found a shattered altar of Ashenzari.
  4277 | D:5      | Found a transporter.
  4286 | D:5      | Found a radiant altar of Vehumet.
  4289 | D:5      | Noticed Dowan
  4289 | D:5      | Noticed Duvessa
  4292 | D:5      | Noticed Menkaure
  4500 | D:5      | Reached **** piety under Cheibriados
  4543 | D:5      | Reached skill level 5 in Shields
  4598 | D:5      | Reached skill level 5 in Fighting
  4629 | D:5      | Killed Menkaure
  4629 | D:5      | Reached skill level 7 in Axes
  4629 | D:5      | Reached XP level 8. HP: 68/68 MP: 8/8
  4687 | D:5      | Killed Dowan
  4697 | D:5      | Killed Duvessa
  5109 | D:5      | Found a runed door.
  5113 | D:5      | Noticed Crazy Yiuf
  5117 | D:5      | Killed Crazy Yiuf
  5158 | D:6      | Noticed a troll
  5288 | D:5      | Reached skill level 1 in Invocations
  5436 | D:6      | Reached skill level 8 in Axes
  5557 | D:6      | Reached skill level 5 in Armour
  5647 | D:6      | Killed a troll
  5795 | D:6      | Noticed a troll
  5810 | D:6      | Killed a troll
  5810 | D:6      | Reached skill level 5 in Dodging
  5810 | D:6      | Reached XP level 9. HP: 31/75 MP: 9/9
  6149 | D:6      | Reached skill level 9 in Axes
  6277 | D:6      | Found an opulent altar of Gozag.
  6473 | D:6      | Found a burning altar of Makhleb.
  6765 | D:7      | Found a runed translucent gate.
  6766 | D:7      | Found a runed translucent gate.
  6767 | D:7      | Found a runed translucent gate.
  6770 | D:7      | Noticed Morbidden's ghost (novice DWAc)
  6790 | D:7      | Found a staircase to the Ecumenical Temple.
  6807 | D:7      | Reached ***** piety under Cheibriados
  7840 | D:8      | Found a staircase to the Orcish Mines.
  7871 | D:8      | Found a flagged portal.
  7876 | Bailey   | Entered a bailey
  8124 | Bailey   | Noticed an orc knight
  8142 | Bailey   | Killed an orc knight
  8142 | Bailey   | Reached skill level 10 in Axes
  8142 | Bailey   | Reached XP level 10. HP: 23/86 MP: 5/11
  8145 | Bailey   | Noticed an orc warlord
  8156 | Bailey   | Killed an orc warlord
  8324 | Bailey   | Noticed an orc knight
  8334 | Bailey   | HP: 4/88 [orc knight/+0 war axe (8)]
  8335 | Bailey   | Mangled by an orc knight

Skill      XL: |  1  2  3  4  5  6  7  8  9 10 |
---------------+-------------------------------+-----
Axes           | 3 4 5 7 8 10 | 10.7
Armour         | 1 2 3 4 5 6 7 |  7.1
Dodging        | 1 2 3 4 5 6 |  6.5
Fighting       | 3 4 5 6 7 |  7.7
Shields        | 3 4 5 6 7 |  7.8
Invocations    | 2 3 4 |  4.4
Stealth        | |  2.6
Spellcasting   | |  1.0
Hexes          | |  0.5
Evocations     | |  0.8

Action                   |  1- 3 |  4- 6 |  7- 9 | 10-12 || total
-------------------------+-------+-------+-------+-------++-------
Melee: Hand axe          |    77 |   146 |    37 |     8 ||   268
       Headbutt          |    12 |    27 |    84 |     1 ||   124
       War axe           |       |       |   217 |       ||   217
Invok: Bend Time         |       |       |     3 |       ||     3
       Slouch            |       |       |     1 |     1 ||     2
Evoke: Wand              |       |       |     9 |    15 ||    24
  Use: Scroll            |       |    12 |     5 |       ||    17
       Potion            |       |       |       |     1 ||     1
 Stab: Sleeping          |     5 |     2 |       |       ||     7
       Paralysed         |       |       |     3 |       ||     3
       Distracted        |       |       |     1 |       ||     1
  Eat: Chunk             |     1 |     2 |     7 |       ||    10
       Ration            |       |       |     1 |       ||     1
Armor: Robe              |     9 |     3 |       |       ||    12
       Scale mail        |       |    58 |    57 |     2 ||   117
Dodge: Dodged            |    30 |    38 |   105 |     2 ||   175
Block: Shield            |    33 |    72 |   176 |     6 ||   287
